 Dungeon Crawl Stone Soup version 0.21.2 (webtiles) character file.

5 glosham the Ruffian (level 1, 0/22 HPs)
             Began as a Troll Abyssal Knight on Dec 18, 2018.
             Was a Follower of Lugonu.
             Slain by a smoke demon (2 damage)
             ... on level 2 of the Abyss.
             The game lasted 00:01:50 (66 turns).

glosham the Ruffian (Troll Abyssal Knight)            Turns: 66, Time: 00:01:50

Health: 0/22       AC:  5    Str: 19    XL:     1   Next: 66%
Magic:  1/1        EV: 10    Int:  8    God:    Lugonu [*.....]
Gold:   0          SH:  0    Dex:  9    Spells: 0/0 levels left

rFire    + . .     SeeInvis .     - Unarmed
rCold    + . .     Gourm    +   (no shield)
rNeg     . . .     Faith    .   a - +0 robe
rPois    +         Spirit   .   (helmet restricted)
rElec    +         Reflect  .   (no cloak)
rCorr    +         Harm     .   (gloves unavailable)
MR       .....                  (boots unavailable)
Stlth    +.........             (no amulet)
HPRegen  0.47/turn              (no ring)
MPRegen  0.07/turn              (no ring)

@: liquid flames, resistant, glowing
A: large, unfitting armour, claws 3, fast metabolism 3, gourmand, regeneration
1, shaggy fur 1, tough skin 2
a: Depart the Abyss, Renounce Religion


You were on level 2 of the Abyss.
You worshipped Lugonu.
Lugonu was aware of your devotion.
You were not hungry.

You visited 0 branches of the dungeon, and saw 0 of its levels.
You visited the Abyss 1 time.

Inventory:

Armour
 a - a +0 robe (worn)
Potions
 d - a potion of resistance
Comestibles
 b - 2 rations


   Skills:
 - Level 2.4 Fighting
 - Level 1.9 Dodging
 * Level 2.5 Unarmed Combat
 - Level 1.5 Invocations


You couldn't memorise any spells.
You didn't know any spells.

Dungeon Overview and Level Annotations

Branches:
Dungeon (0/15)

Altars:


Innate Abilities, Weirdness & Mutations

You are too large for most types of armour.
You have claws for hands.
Your metabolism is lightning-fast.
You like to eat raw meat.
Your natural rate of healing is unusually fast.
You are covered in fur. (AC +1)
You have very tough skin. (AC +2)


Message History

There is a gateway leading deeper into the Abyss here.
You plunge deeper into the Abyss.
Found a scroll labeled OCEOM WUES.
Found a potion of resistance.
You see here a scroll labeled OCEOM WUES.
c - a scroll labeled OCEOM WUES You see here a potion of resistance.
d - a potion of resistance
As you read the scroll labeled OCEOM WUES, it crumbles to dust.
You hear a loud clanging noise!
It was a scroll of noise.
You hear a roar!
A smoke demon comes into view.
The smoke demon gestures at you. The sticky flame hits you! You resist.
You are covered in liquid flames!
You are covered in liquid flames!
The smoke demon hits you. The smoke demon closely misses you.
The smoke demon barely misses you.
You claw the smoke demon!
The smoke demon is moderately wounded.
You are covered in liquid flames!
You barely miss the smoke demon.
The smoke demon is moderately wounded.
You are covered in liquid flames!
The smoke demon gestures at you. The ball of steam hits you! You resist.
A small abomination comes into view.
You scratch the smoke demon but do no damage.
The smoke demon is moderately wounded.
You are covered in liquid flames!
The smoke demon hits you.
* * * LOW HITPOINT WARNING * * *
The smoke demon hits you but does no damage. x2
You scratch the smoke demon but do no damage.
The smoke demon is moderately wounded.
You are covered in liquid flames!
* * * LOW HITPOINT WARNING * * *
The smoke demon closely misses you. The smoke demon hits you.
You die...

#.... ....#.# #.#
..#....#.##
##.##..#..x......≈
##.......##.#...#≈.
#.....##..#.......≈
...##....#..#.#....
. #.#.......#. ≈≈#
.#...§§3#.. ....
..#..#.§§@§#..≈. ..
.....#.§§§§.≈≈≈..
#..#.....§##.###...
..#..#.#...#.# . ..
#..###.#.# ####.#.
#### ....# ..# ..


You could see a smoke demon and a small abomination.

Vanquished Creatures
  An ufetubus (Abyss:1)
1 creature vanquished.

Notes
Turn   | Place    | Note
-------+----------+-------------------------------------------
     0 | Abyss:1  | glosham the Troll Abyssal Knight began the quest for the Orb.
     0 | Abyss:1  | Reached XP level 1. HP: 22/22 MP: 1/1
    60 | Abyss:2  | Noticed a smoke demon
    66 | Abyss:2  | HP: 1/22 [burnt (2)]
    66 | Abyss:2  | Slain by a smoke demon

Action                   || total
-------------------------++-------
Melee: Unarmed           ||     5
  Use: Scroll            ||     2
       Potion            ||     1
Armor: Robe              ||     2
Dodge: Dodged            ||     3

Table legend:
 A = Turns spent in this place as a percentage of turns spent in the entire game.
 B = Non-inter-level travel turns spent in this place as a percentage of non-inter-level travel turns spent in the entire game.
 C = Inter-level travel turns spent in this place as a percentage of turns spent in this place.
 D = Turns resting spent in this place as a percentage of non-inter-level travel turns spent in this place.
 E = Turns spent auto-exploring this place as a percentage of non-inter-level travel turns spent in this place.
 F = Non-inter-level travel turns spent in this place divided by the number of levels of this place that you've seen.
                   A       B       C       D       E      F
               +-------+-------+-------+-------+-------+----------------------
         Total | 100.0 | 100.0 |   0.0 |   0.0 |   0.0 |  33.0
         Abyss | 100.0 | 100.0 |   0.0 |   0.0 |   0.0 |  33.0
               +-------+-------+-------+-------+-------+----------------------

Table legend:
 A = Kills in this place as a percentage of kills in entire the game.
 B = Kills by you in this place as a percentage of kills by you in the entire game.
 C = Kills by friends in this place as a percentage of kills by friends in the entire game.
 D = Other kills in this place as a percentage of other kills in the entire game.
 E = Experience gained in this place as a percentage of experience gained in the entire game.
 F = Experience gained in this place divided by the number of levels of this place that you have seen.
                   A       B       C       D       E      F
               +-------+-------+-------+-------+-------+----------------------
         Total | 100.0 | 100.0 |   N/A |   N/A | 100.0 |   4.0
         Abyss | 100.0 | 100.0 |   N/A |   N/A | 100.0 |   4.0
               +-------+-------+-------+-------+-------+----------------------

Vault maps used:
Abyss:1:  evilmike_abyss_exit_mutagenic
